 Dungeon Crawl Stone Soup version 0.27-a0-1137-g3ef0f4ec91 (webtiles) character file.

Game seed: 9200638387070614777

303378 robertstho the Sorcerer (level 20, 0/76 HPs)
             Began as a Deep Elf Fire Elementalist on May 5, 2021.
             Was an Elder of Sif Muna.
             Killed from afar by Nikola (17 damage)
             ... with a chain lightning
             ... on level 3 of the Vaults on May 6, 2021.
             The game lasted 02:23:37 (48028 turns).

robertstho the Sorcerer (DEFE)                     Turns: 48028, Time: 02:23:37

Health: 0/76       AC: 19    Str:  9    XL:     20   Next: 23%
Magic:  10/60      EV: 13    Int: 38    God:    Sif Muna [****..]
Gold:   3212       SH:  5    Dex: 25    Spells: 17/69 levels left

rFire    + + .     SeeInvis .   Q - +9 lance "Wyrmbane" {slay drac, rPois rF+ rC+ AC+3}
rCold    + + .     Faith    .   (no shield)
rNeg     + . .     Spirit   .   q - quicksilver dragon scales of the Great Game {Contam rC+ Will+ Str+4 Dex+2}
rPois    +         Reflect  +   H - +5 hat "Xebyokh" {rN+}
rElec    +         Harm     .   Y - scarf {repulsion}
rCorr    .         Rampage  .   F - +1 pair of gloves
Will     +++..                  P - +2 pair of boots of Xeyf {rF+ Int+4}
Stlth    ++++......             i - amulet "Yseiq" {Reflect rC- Dex+4 SH+5 Stlth+}
HPRegen  0.22/turn              S - ring of flight
MPRegen  0.37/turn              M - ring of magical power

@: channeling, flying, very slightly contaminated, studying Short Blades, repel
missiles
A: agile 2, clever 2, cold resistance 1, deformed body, frail 2, screaming 1,
shaggy fur 1, electricity resistance, wild magic 1
}: 2/15 runes: barnacled, gossamer
a: Renounce Religion, Channel Magic, Forget Spell, Divine Exegesis


You were on level 3 of the Vaults.
You worshipped Sif Muna.
Sif Muna was greatly pleased with you.
You visited 6 branches of the dungeon, and saw 33 of its levels.
You also visited: Ossuary, Gauntlet, Ice Cave and Desolation.

You collected 4135 gold pieces.
You spent 923 gold pieces at shops.

Inventory:

Hand Weapons
 K - the +7 lajatang of Order {silver, rMut}
   (You took it off a minotaur in a Gauntlet)

   It protects you from mutation.
 Q - the +9 lance "Wyrmbane" (weapon) {slay drac, rPois rF+ rC+ AC+3}
   (You took it off Maggie on level 2 of the Lair of Beasts)

   It affects your AC (+3).
   It protects you from fire.
   It protects you from cold.
   It protects you from poison.
Missiles
 B - 8 atropa-tipped darts
Armour
 h - the +2 robe of Sin {Int+7}
   (You found it on level 5 of the Lair of Beasts)

   It affects your intelligence (+7).
 q - the quicksilver dragon scales of the Great Game (worn) {Contam rC+ Will+ Str+4 Dex+2}
   (You found it in the Desolation of Salt)

   It affects your strength (+4).
   It affects your dexterity (+2).
   It protects you from cold.
   It causes magical contamination when unequipped.
   It increases your willpower.
 w - a scarf of resistance
 F - a +1 pair of gloves (worn)
 H - the +5 hat "Xebyokh" (worn) {rN+}
   (You acquired it on level 1 of the Lair of Beasts)

   It protects you from negative energy.
 P - the +2 pair of boots of Xeyf (worn) {rF+ Int+4}
   (You acquired it on level 1 of the Lair of Beasts)

   It affects your intelligence (+4).
   It protects you from fire.
 Y - a scarf of repulsion (worn)
Magical Staves
 b - a staff of fire
Jewellery
 i - the amulet "Yseiq" (around neck) {Reflect rC- Dex+4 SH+5 Stlth+}
   (You found it in the Desolation of Salt)

   [amulet of reflection]

   It reflects blocked missile attacks.
   It affects your dexterity (+4).
   It makes you vulnerable to cold.
   It affects your SH (+5).
   It makes you more stealthy.
 j - an amulet of reflection
 l - the ring of Axun {rF+ rCorr Str+2}
   (You acquired it on level 2 of the Spider Nest)

   [ring of protection from fire]

   It affects your strength (+2).
   It protects you from fire.
   It protects you from acid and corrosion.
 x - the amulet of the Death Scarab {Regen+ Dex+3 Slay+2}
   (You took it off a skeletal warrior on level 11 of the Dungeon)

   [amulet of regeneration]

   It affects your dexterity (+3).
   It affects your accuracy and damage with ranged weapons and melee attacks
   (+2).
   It increases your rate of health regeneration.
 z - an amulet of magic regeneration
 A - a ring of protection from cold
 C - the amulet "Toem" {Regen+ SInv}
   (You found it in the Desolation of Salt)

   [amulet of regeneration]

   It lets you see invisible.
   It increases your rate of health regeneration.
 G - a ring of protection from cold
 M - a ring of magical power (right hand)
 R - a ring of poison resistance
 S - a ring of flight (left hand)
Wands
 I - a wand of acid (24)
 L - a wand of iceblast (23)
 N - a wand of mindburst (60)
 X - a wand of digging (20)
Scrolls
 f - 14 scrolls of fear
 g - 3 scrolls of summoning
 k - a scroll of holy word
 n - 5 scrolls of fog
 s - 8 scrolls of blinking
 u - 4 scrolls of immolation
 v - 20 scrolls of identify
 y - 12 scrolls of teleportation
 E - 7 scrolls of enchant armour
 U - a scroll of silence
 W - 4 scrolls of magic mapping
Potions
 a - 5 potions of ambrosia
 c - 3 potions of cancellation
 d - 6 potions of attraction
 e - 5 potions of resistance
 m - 15 potions of curing
 o - 3 potions of berserk rage
 p - a potion of invisibility
 t - 6 potions of haste
 D - 3 potions of might
Miscellaneous
 J - a box of beasts
 T - a phantom mirror
 Z - a lightning rod (4/4)


   Skills:
 + Level 1.3 Fighting
 + Level 1.0 Polearms
 + Level 1.5 Armour
 + Level 5.3 Dodging
 + Level 5.1 Stealth
 + Level 0.3 Shields
 * Level 25.0 Spellcasting
 * Level 19.3 Conjurations
 + Level 2.8 Summonings
 + Level 3.8 Transmutations
 * Level 19.5 Fire Magic
 + Level 2.2 Air Magic
 + Level 4.2 Earth Magic
 * Level 14.0 Invocations


You had 17 spell levels left.
You knew the following spells:

 Your Spells              Type           Power      Damage    Failure   Level
a - Foxfire               Conj/Fire      100%       2x1d9     1%          1
b - Conjure Flame         Conj/Fire      100%       6-21      1%          3
c - Sticky Flame          Conj/Fire      100%       2d11      1%          4
d - Fireball              Conj/Fire      65%        3d25      1%          5
e - Bolt of Magma         Conj/Fire/Erth 58%        4d23      1%          5
f - Irradiate             Conj/Tmut      54%        3d31      1%          5
g - Ignition              Fire           65%        3d17      4%          8
h - Blink                 Tloc           N/A        N/A       3%          2
i - Summon Lightning Spi  Summ/Air       72%        N/A       7%          4
j - Fire Storm            Conj/Fire      65%        8d16      47%         9
k - Iron Shot             Conj/Erth      54%        9d10      2%          6

Your spell library contained the following spells:

 Spells                   Type           Power      Damage    Failure   Level
 Beastly Appendage        Tmut           100%       N/A       1%          1
 Magic Dart               Conj           100%       1d8       1%          1
 Sandblast                Erth           100%       2d20      1%          1
 Shock                    Conj/Air       100%       1d9       1%          1
 Call Imp                 Summ           74%        N/A       1%          2
 Passwall                 Tmut/Erth      66%        N/A       1%          2
 Searing Ray              Conj           100%       3d7       1%          2
 Static Discharge         Conj/Air       100%       N/A       1%          2
 Wereblood                Tmut           79%        N/A       1%          2
 Dazzling Flash           Conj/Hex       100%       N/A       1%          3
 Ignite Poison            Fire/Tmut/Pois 95%        N/A       1%          3
 Inner Flame              Hex/Fire       100%       N/A       1%          3
 Mephitic Cloud           Conj/Pois/Air  93%        N/A       1%          3
 Stone Arrow              Conj/Erth      100%       3d13      1%          3
 Fulminant Prism          Conj/Hex       51%        3d23      1%          4
 Hailstorm                Conj/Ice       100%       3d20      1%          4
 Iskenderun's Mystic Bla  Conj/Tloc      100%       2d19      1%          4
 Iskenderun's Battlesphe  Conj           100%       2d15      1%          5
 Lightning Bolt           Conj/Air       53%        1d74      1%          5
 Starburst                Conj/Fire      65%        8x6d17    1%          6
 Orb of Destruction       Conj           64%        9d18      1%          7
 Animate Skeleton         Necr           100%       N/A       2%          1
 Apportation              Tloc           100%       N/A       2%          1
 Pain                     Necr           100%       1d9       2%          1
 Corpse Rot               Necr/Air       N/A        N/A       2%          2
 Poisonous Vapours        Pois/Air       100%       N/A       2%          2
 Swiftness                Air            71%        N/A       2%          3
 Slow                     Hex            58%        N/A       3%          2
 Sublimation of Blood     Necr           29%        N/A       3%          2
 Spider Form              Tmut/Pois      34%        N/A       3%          3
 Animate Armour           Summ/Erth      100%       N/A       4%          4
 Petrify                  Tmut/Erth      80%        N/A       4%          4
 Conjure Ball Lightning   Conj/Air       53%        3x3d18    4%          6
 Gell's Gravitas          Tloc           29%        N/A       6%          3
 Lesser Beckoning         Tloc           29%        N/A       6%          3
 Portal Projectile        Hex/Tloc       100%       N/A       6%          3
 Teleport Other           Tloc           58%        N/A       6%          3
 Tukima's Dance           Hex            58%        N/A       6%          3
 Vampiric Draining        Necr           29%        2d10      6%          3
 Airstrike                Air            35%        N/A       8%          4
 Leda's Liquefaction      Hex/Erth       35%        N/A       8%          4
 Ice Form                 Ice/Tmut       69%        N/A       9%          4
 Lee's Rapid Deconstruct  Erth           40%        3d21*     9%          5
 Hydra Form               Tmut           39%        N/A       11%         5
 Freezing Cloud           Conj/Ice/Air   46%        6-21      14%         6
 Spellforged Servitor     Conj/Summ      53%        N/A       16%         7
 Animate Dead             Necr           29%        N/A       17%         4
 Cause Fear               Hex            29%        N/A       17%         4
 Alistair's Intoxication  Tmut/Pois      46%        N/A       21%         5
 Borgnjor's Vile Clutch   Necr/Erth      35%        N/A       21%         5
 Summon Forest            Summ/Tloc      33%        N/A       26%         5
 Summon Mana Viper        Hex/Summ       66%        N/A       26%         5
 Silence                  Hex/Air        32%        N/A       28%         5
 Agony                    Necr           58%        N/A       41%         5
 Manifold Assault         Tloc           58%        N/A       41%         5
 Statue Form              Tmut/Erth      53%        N/A       41%         6
 Blade Hands              Tmut           39%        N/A       45%         6
 Shadow Creatures         Summ           N/A        N/A       58%         6
 Lehudib's Crystal Spear  Conj/Erth      54%        10d13     61%         8
 Eringya's Noxious Bog    Tmut/Pois      34%        N/A       71%         6
 Chain Lightning          Conj/Air       53%        N/A       75%         8
 Invisibility             Hex            58%        N/A       91%         6
 Summon Hydra             Summ           37%        N/A       98%         7
 Malign Gateway           Summ/Tloc      33%        N/A       100%        7
 Disjunction              Tloc           29%        N/A       100%        8
 Necromutation            Tmut/Necr      34%        N/A       100%        8
 Absolute Zero            Ice            29%        ∞         100%        9
 Dragon's Call            Summ           37%        N/A       100%        9
 Shatter                  Erth           40%        3d32*     100%        9
 Tornado                  Air            35%        N/A       100%        9


Dungeon Overview and Level Annotations

Branches:
Dungeon (14/15)            Temple (0/1) D:7            Lair (6/6) D:9
 Shoals (4/4) Lair:4       Spider (4/4) Lair:2        Slime (0/5) Lair:6
    Orc (2/2) D:11            Elf (0/3) Orc:2        Vaults (3/5) D:14
  Crypt (0/3) Vaults:2    Ossuary (visited)           IceCv (visited)
Desolation (visited)      Gauntlet (visited)

Altars:
Ashenzari
Dithmenos
Elyvilon
Gozag
Qazlal
Ru
Sif Muna
Trog
Vehumet
Wu Jian
Xom
Zin

Shops:
Orc:2 ??(

Portals:
Pandemonium: Orc:2

Annotations:
D:5 2 transporters, kd29's ghost, novice DrTm
Spider:4 2 transporters, HilariousDeathArtist's ghost, adept DrDe
Vaults:3 Nikola


Innate Abilities, Weirdness & Mutations

You are very agile. (Dex +4)
Your mind is very acute. (Int +4)
Your flesh is cold resistant. (rC+)
Armour fits poorly on your strangely shaped body.
You are very frail. (-20% HP)
You occasionally shout uncontrollably at your foes.
You are covered in fur. (AC +1)
You are resistant to electric shocks. (rElec)
Your spells are a little harder to cast, but a little more powerful.


Message History

Press: ? - help, Shift-Dir - straight line, f - you
Okay, then.
Casting: Iron Shot (dangerous; 2% risk of failure)
Confirm with . or Enter, or press ? or * to list all spells.
Aiming: Fireball (safe; 1% risk of failure)
Press: ? - help, Shift-Dir - straight line, f - Nikola
Aim: Nikola, wielding a +3 rapier of electrocution, wearing a +1 cloak of stealth and wearing a +0 pair of gloves (lightly wounded)
The fireball explodes!
The fireball engulfs Nikola!
Nikola is lightly wounded.
Nikola mumbles some strange words.
You hear a mighty clap of thunder!
The lightning arc hits you! You resist.
* * * LOW HITPOINT WARNING * * *
The lightning arc hits Nikola!
The lightning arc hits you! You resist.
* * * LOW HITPOINT WARNING * * *
The lightning arc hits Nikola.
The lightning arc hits you. You resist.
* * * LOW HITPOINT WARNING * * *
The lightning arc hits Nikola!
You feel much better.
Unknown command.
Casting: Fireball (safe; 1% risk of failure)
Confirm with . or Enter, or press ? or * to list all spells.
Aiming: Iron Shot (dangerous; 2% risk of failure)
Press: ? - help, Shift-Dir - straight line, f/p - Nikola
Aim: Nikola, wielding a +3 rapier of electrocution, wearing a +1 cloak of stealth and wearing a +0 pair of gloves (lightly wounded, 82% to hit)
The iron shot hits Nikola!!!
Nikola is heavily wounded.
Unknown command.
Casting: Iron Shot (dangerous; 2% risk of failure)
Confirm with . or Enter, or press ? or * to list all spells.
Aiming: Iron Shot (dangerous; 2% risk of failure)
Press: ? - help, Shift-Dir - straight line, f/p - Nikola
Aim: Nikola, wielding a +3 rapier of electrocution, wearing a +1 cloak of stealth and wearing a +0 pair of gloves (heavily wounded, 82% to hit)
The iron shot misses Nikola.
Nikola gestures wildly while chanting.
You hear a mighty clap of thunder!
The lightning arc hits you. You resist.
* * * LOW HITPOINT WARNING * * *
The lightning arc hits Nikola!
The lightning arc hits you! You resist.
You die...

.........# .........'
........)# ........)#
.........###############
........)...............
........................
..../.).................
..[[@..@................
#'#######+##############
#.##.# ...... .....8..


You could see Nikola.

Vanquished Creatures
  Saint Roka (Orc:2)
  Jorgrun (D:12)
  Frances (Spider:1)
  A sphinx (Vaults:3)
  Polyphemus (Shoals:3)
  2 fire giants
  A frost giant (IceCv)
  5 vault wardens
  4 imperial myrmidons (Desolation)
  2 ghost moths
  6 emperor scorpions (Spider:4)
  Louise (Spider:1)
  8 ironbound preservers
  2 war gargoyles (Vaults:2)
  A vampire knight (Vaults:2)
  A dire elephant (Lair:6)
  Nessos (Orc:2)
  A halazid warlock (Desolation)
  7 entropy weavers
  A minotaur (Gauntlet)
  A spark wasp (Spider:4)
  5 merfolk impalers
  5 merfolk javelineers
  Snorg (D:10)
  3 yaktaur captains
  An eidolon (Vaults:2)
  8 ragged hierophants (Desolation)
  4 crystal guardians
  4 ironbound thunderhulks
  3 vault guards (Vaults:1)
  A hell beast (Gauntlet)
  15 hydras
  2 boulder beetles
  4 servants of whispers (Desolation)
  An ice dragon (Lair:6)
  3 catoblepae
  8 peacekeepers
  An ironbound frostheart (Vaults:2)
  A merfolk avatar (Shoals:4)
  An anaconda (shapeshifter) (D:11)
  A death knight (D:14)
  7 centaur warriors
  2 merfolk aquamancers
  3 satyrs (Shoals:4)
  5 two-headed ogres
  15 death yaks
  A tengu warrior (D:14)
  An ironbound beastmaster (Vaults:2)
  6 orc high priests (Orc:2)
  Urug (D:11)
  Sonja (Lair:4)
  3 skeletal warriors
  12 sea snakes
  A gelid demonspawn (Orc:2)
  A torturous demonspawn (Orc:2)
  33 deep trolls
  12 ironbound convokers
  5 lindwurms
  Pikel (D:6)
  7 harpies
  7 wizards
  A phantasmal warrior (D:14)
  A necromancer (Vaults:2)
  4 orc knights (Orc:2)
  6 orc sorcerers
  15 orb spiders
  21 wolf spiders
  2 deep elf pyromancers
  A mana viper (shapeshifter) (D:14)
  29 ugly things
  An oklob plant (Lair:6)
  13 manticores
  A moth of wrath (Spider:4)
  21 fauns
  6 cyclopes
  23 elephants
  6 merfolk sirens
  Maurice (Orc:1)
  3 guardian serpents (Desolation)
  A water nymph (shapeshifter) (D:14)
  8 torpor snails
  9 black mambas
  10 vault sentinels
  3 water nymphs
  2 gargoyles
  An orange demon (Orc:2)
  An ice statue (IceCv)
  Maggie (Lair:2)
  11 cane toads
  6 rime drakes
  A freezing wraith (Vaults:1)
  An efreet (D:11)
  An ice devil (Orc:2)
  10 demonic crawlers
  2 komodo dragons (shapeshifter)
  14 yaktaurs
  8 komodo dragons
  2 hellwings (Orc:2)
  5 trolls
  18 merfolk
  19 polar bears
  3 meliai (Gauntlet)
  26 jumping spiders
  2 tyrant leeches (Lair:6)
  6 wind drakes
  20 hornets
  55 saltlings (Desolation)
  4 blink frogs (Lair:5)
  6 dream sheep
  17 slime creatures
  2 snapping turtles (Shoals:2)
  31 tarantellas
  73 redbacks
  Sigmund (D:6)
  A shadow (D:11)
  12 water elementals
  58 yaks
  3 wraiths
  2 basilisks
  A vampire (D:11)
  7 wyverns
  4 vampire mosquitoes
  5 wargs (Orc:2)
  2 hell hounds (Gauntlet)
  13 water moccasins
  A sky beast (D:6)
  A sky beast (shapeshifter) (D:13)
  2 necrophages
  10 ice beasts
  32 orc warriors
  5 ogres
  3 small abominations (Gauntlet)
  50 wolves
  3 phantoms (D:6)
  6 centaurs
  A lemure (D:6)
  3 elf zombies (Ossuary)
  5 kobold brigands
  14 bullfrogs
  A gnoll sergeant (D:8)
  A wyvern zombie (D:9)
  A scorpion (D:7)
  6 killer bees
  6 wights
  4 howler monkeys
  6 electric eels
  A bullfrog zombie (D:5)
  A lava snake (Lair:2)
  5 centaur zombies
  2 jellies (Lair:6)
  A bullfrog skeleton (D:5)
  19 orc priests
  A centaur skeleton (D:5)
  2 hounds
  2 gnoll shamans
  3 iguanas
  Jessica (D:2)
  15 orc wizards
  A statue (D:8)
  A killer bee zombie (D:7)
  A hound zombie (Ossuary)
  A hound skeleton (D:5)
  4 mummies (Ossuary)
  A howler monkey zombie (D:5)
  Robin (D:2)
  23 gnolls
  7 adders
  A shadow imp (D:5)
  An ufetubus (D:4)
  2 worms
  2 dart slugs
  46 orcs
  4 ball pythons
  3 endoplasms
  4 giant cockroaches
  A gnoll zombie (Ossuary)
  19 goblins
  7 hobgoblins
  A jackal (D:5)
  2 quokkas
  6 bats
  3 frilled lizards
  A goblin zombie (Ossuary)
  A hobgoblin zombie (Ossuary)
  37 kobolds
  A kobold zombie (Ossuary)
  3 orc zombies (Ossuary)
  3 rats
  A rat zombie (Ossuary)
1291 creatures vanquished.

Vanquished Creatures (collateral kills)
  A deep elf sorcerer (Vaults:1)
  3 ironbound preservers
  An entropy weaver (Vaults:1)
  A merfolk impaler (Shoals:4)
  2 ironbound thunderhulks (Vaults:2)
  2 servants of whispers (Desolation)
  A vault guard (Vaults:1)
  A boulder beetle (Lair:4)
  2 ironbound frosthearts (Vaults:1)
  A hydra (Lair:6)
  2 death yaks (Lair:6)
  2 orb spiders (Spider:4)
  2 wolf spiders
  2 fauns (Shoals:4)
  A manticore (Shoals:3)
  5 elephants
  A vault sentinel (Vaults:1)
  2 torpor snails (Lair:6)
  A demonic crawler (Spider:1)
  2 yaktaurs
  2 jumping spiders (Spider:4)
  A red devil (Orc:2)
  A hornet (Lair:6)
  A tyrant leech (Lair:6)
  4 saltlings (Desolation)
  2 slime creatures
  A dream sheep (Shoals:3)
  A yak (Lair:6)
  3 redbacks
  A tarantella (Spider:4)
  A basilisk (Lair:6)
  An orc warrior (Orc:2)
  A centaur (Shoals:1)
  2 wolves (Lair:6)
  A jelly (Lair:6)
  An orc priest (Orc:2)
  An orc wizard (Orc:1)
  7 orcs
  A foxfire (D:8)
68 creatures vanquished.

Vanquished Creatures (others)
  A peacekeeper (Desolation)
  An ugly thing (D:14)
  A shining eye (shapeshifter) (D:14)
  A polar bear (IceCv)
  888 foxfires
  58 fungi
  255 plants
1205 creatures vanquished.

Grand Total: 2564 creatures vanquished

Notes
Turn   | Place    | Note
-------+----------+-------------------------------------------
     0 | D:1      | robertstho the Deep Elf Fire Elementalist began the quest
                  | for the Orb.
     0 | D:1      | Reached XP level 1. HP: 10/10 MP: 6/6
   222 | D:1      | Found a faded altar of an unknown god.
   365 | D:1      | Reached XP level 2. HP: 15/15 MP: 4/8
   862 | D:1      | Upgraded the game from 0.27-a0-1136-g0b992a5a9d to
                  | 0.27-a0-1137-g3ef0f4ec91
  1354 | D:2      | Reached XP level 3. HP: 19/19 MP: 5/10
  1676 | D:2      | You fall into a shaft and drop 2 floors!
  1681 | D:4      | Reached skill level 4 in Spellcasting
  1913 | D:3      | Reached XP level 4. HP: 24/24 MP: 9/12
  1939 | D:3      | Found a bloodstained altar of Trog.
  2221 | D:2      | Noticed Jessica
  2225 | D:2      | Killed Jessica
  2226 | D:2      | Reached skill level 5 in Spellcasting
  2339 | D:2      | Identified the +2 helmet of Zeodwir {rElec}
  2339 | D:2      | Noticed Robin
  2346 | D:2      | Killed Robin
  2347 | D:2      | Reached XP level 5. HP: 28/28 MP: 6/14
  2896 | D:3      | Learned a level 3 spell: Conjure Flame
  2901 | D:3      | Learned a level 4 spell: Sticky Flame
  2907 | D:3      | Learned a level 5 spell: Fireball
  3573 | D:4      | Noticed a necrophage
  3578 | D:4      | Killed a necrophage
  3720 | D:4      | Reached skill level 5 in Fire Magic
  3724 | D:4      | Reached XP level 6. HP: 29/32 MP: 8/16
  4105 | D:4      | Found an ornate altar of the Wu Jian Council.
  4133 | D:5      | Entered Level 5 of the Dungeon
  4442 | D:5      | Found a transporter.
  4442 | D:5      | Noticed kd29's ghost (novice DrTm)
  4480 | D:5      | Reached skill level 6 in Spellcasting
  4740 | D:5      | Found a shimmering blue altar of Sif Muna.
  4740 | D:5      | Found a glowing silver altar of Zin.
  4797 | D:5      | Became a worshipper of Sif Muna the Loreminder
  4830 | D:5      | Found a transporter.
  5276 | D:5      | Reached XP level 7. HP: 35/36 MP: 9/18
  6029 | D:6      | Found a sand-covered staircase.
  6037 | Ossuary  | Entered an ossuary
  6151 | Ossuary  | Reached skill level 7 in Spellcasting
  6178 | Ossuary  | Reached skill level 1 in Invocations
  6499 | D:6      | Noticed Sigmund
  6518 | D:6      | Killed Sigmund
  6518 | D:6      | Reached * piety under Sif Muna
  6519 | D:6      | Reached skill level 8 in Spellcasting
  6544 | D:6      | Reached skill level 5 in Conjurations
  6544 | D:6      | Reached XP level 8. HP: 41/41 MP: 14/22
  7142 | D:6      | Noticed Pikel
  7154 | D:6      | Killed Pikel
  7155 | D:6      | Reached skill level 9 in Spellcasting
  7377 | D:6      | Reached XP level 9. HP: 37/45 MP: 15/24
  7809 | D:6      | Found a shadowy altar of Dithmenos.
  7998 | D:6      | You fall into a shaft and drop 2 floors!
  8003 | D:8      | Found a shimmering altar of Xom.
  8003 | D:8      | Noticed a troll
  8016 | D:7      | Reached skill level 10 in Spellcasting
  8478 | D:7      | Found a staircase to the Ecumenical Temple.
  8888 | D:7      | Found a stormy altar of Qazlal.
  8905 | D:7      | Gained mutation: You have a pair of small antennae on your
                  | head. [potion of mutation]
  8905 | D:7      | Gained mutation: Your mind is acute. (Int +2) [potion of
                  | mutation]
  8905 | D:7      | Gained mutation: Your flesh is heat resistant. (rF+)
                  | [potion of mutation]
  8912 | D:7      | Reached ** piety under Sif Muna
  9178 | D:7      | Lost mutation: You have a pair of small antennae on your
                  | head. [potion of mutation]
  9178 | D:7      | Lost mutation: Your flesh is heat resistant. (rF+) [potion
                  | of mutation]
  9178 | D:7      | Gained mutation: You are agile. (Dex +2) [potion of
                  | mutation]
  9178 | D:7      | Gained mutation: You are partially covered in iridescent
                  | scales. (AC +2) [potion of mutation]
  9178 | D:7      | Gained mutation: You evolve. [potion of mutation]
  9178 | D:7      | Gained mutation: Your mind is very acute. (Int +4) [potion
                  | of mutation]
  9307 | D:7      | Found a broken altar of Ashenzari.
 10137 | D:8      | Killed a troll
 10543 | D:8      | Found a radiant altar of Vehumet.
 10851 | D:8      | Reached skill level 11 in Spellcasting
 11221 | D:8      | Noticed a centaur warrior
 11227 | D:8      | Killed a centaur warrior
 11228 | D:8      | Reached XP level 10. HP: 26/51 MP: 6/27
 11376 | D:8      | Found a white marble altar of Elyvilon.
 11643 | D:8      | Reached *** piety under Sif Muna
 11939 | D:8      | Gained mutation: You have very sharp teeth. [evolution]
 12529 | D:9      | Reached skill level 12 in Spellcasting
 12529 | D:9      | Reached skill level 5 in Invocations
 12610 | D:9      | Reached skill level 10 in Fire Magic
 13024 | D:9      | Found a staircase to the Lair.
 13291 | D:10     | Entered Level 10 of the Dungeon
 13471 | D:10     | Noticed Snorg
 13478 | D:10     | Killed Snorg
 13479 | D:10     | Reached skill level 13 in Spellcasting
 13479 | D:10     | Reached XP level 11. HP: 55/55 MP: 6/30
 13668 | D:10     | Gained mutation: You are very agile. (Dex +4) [evolution]
 13672 | D:10     | Noticed a green ugly thing
 13675 | D:10     | Killed a green ugly thing
 13949 | D:10     | Found an opulent altar of Gozag.
 14214 | D:11     | Noticed a boulder beetle
 14220 | D:11     | Killed a boulder beetle
 14221 | D:11     | Reached skill level 10 in Conjurations
 14348 | D:11     | Identified a scroll of acquirement
 14349 | D:11     | Acquired the Grimoire of Attacks and Heat
 14352 | D:11     | Noticed a cyan ugly thing
 14357 | D:11     | Learned a level 5 spell: Bolt of Magma
 14360 | D:11     | Killed a cyan ugly thing
 14367 | D:11     | Learned a level 5 spell: Irradiate
 14376 | D:11     | Learned a level 8 spell: Ignition
 14379 | D:11     | Learned a level 2 spell: Blink
 14518 | D:11     | Gained mutation: You are covered in fur. (AC +1)
                  | [evolution]
 14620 | D:11     | Noticed Urug
 14631 | D:11     | Killed Urug
 14632 | D:11     | Reached skill level 14 in Spellcasting
 14717 | D:11     | Reached **** piety under Sif Muna
 14920 | D:11     | Noticed a seven-headed hydra
 14923 | D:11     | Killed a seven-headed hydra
 15043 | Lair:1   | Entered Level 1 of the Lair of Beasts
 15113 | Lair:1   | Reached XP level 12. HP: 60/60 MP: 31/32
 15251 | Lair:1   | Noticed a four-headed hydra
 15254 | Lair:1   | Killed a four-headed hydra
 15603 | Lair:1   | Reached skill level 15 in Spellcasting
 15997 | Lair:1   | Acquired the +5 hat "Xebyokh" {rN+}
 15998 | Lair:1   | Acquired a scarf of resistance
 15999 | Lair:1   | Acquired the +2 pair of boots of Xeyf {rF+ Int+4}
 16219 | Lair:2   | Found a frozen archway.
 16232 | IceCv    | Entered an ice cave
 16417 | IceCv    | Reached ***** piety under Sif Muna
 16678 | IceCv    | Noticed a death yak
 16678 | IceCv    | Noticed a death yak
 16682 | IceCv    | Killed a death yak
 16683 | IceCv    | Killed a death yak
 16745 | IceCv    | Reached skill level 16 in Spellcasting
 16873 | IceCv    | Gained mutation: You are resistant to electric shocks.
                  | (rElec) [evolution]
 16893 | IceCv    | Noticed a frost giant
 16893 | IceCv    | Noticed a death yak
 16931 | IceCv    | Killed a death yak
 16932 | IceCv    | Reached XP level 13. HP: 50/64 MP: 29/35
 16933 | IceCv    | Killed a frost giant
 17833 | Lair:2   | Noticed Maggie
 17838 | Lair:2   | Killed Maggie
 18113 | Lair:2   | Found a hole to the Spider Nest.
 18320 | Lair:2   | Identified Sif Muna's Volume of the Traveller and the
                  | Escort (Sif Muna gifted it to you on level 2 of the Lair of
                  | Beasts)
 18320 | Lair:2   | Received a gift from Sif Muna
 18327 | Lair:2   | Learned a level 4 spell: Summon Lightning Spire
 19159 | Lair:3   | Lost mutation: You have very sharp teeth. [evolution]
 19481 | Lair:4   | Reached skill level 17 in Spellcasting
 19502 | Lair:4   | Noticed Sonja
 19503 | Lair:4   | Killed Sonja
 19585 | Lair:4   | Found a gate leading to a gauntlet.
 19592 | Gauntlet | Entered a Gauntlet
 19592 | Gauntlet | Found a transporter.
 19604 | Gauntlet | Found a transporter.
 19604 | Gauntlet | Found a transporter.
 19605 | Gauntlet | Found a transporter.
 19609 | Gauntlet | Found a runed translucent door.
 19609 | Gauntlet | Found a runed translucent door.
 19613 | Gauntlet | Found a transporter.
 19616 | Gauntlet | Found a transporter.
 19617 | Gauntlet | Found a transporter.
 19621 | Gauntlet | Found a runed translucent door.
 19623 | Gauntlet | Found a runed translucent door.
 19625 | Gauntlet | Found a transporter.
 19628 | Gauntlet | Found a transporter.
 19629 | Gauntlet | Found a transporter.
 19640 | Gauntlet | Found a transporter.
 19640 | Gauntlet | Found a transporter.
 19641 | Gauntlet | Found a transporter.
 19649 | Gauntlet | Found a transporter.
 19784 | Gauntlet | Identified Sif Muna's Incunabulum of Aerial Malediction
 20207 | Gauntlet | Noticed a minotaur
 20213 | Gauntlet | Killed a minotaur
 20366 | Lair:4   | Reached skill level 1 in Earth Magic
 20402 | Lair:4   | Reached skill level 1 in Transmutations
 20402 | Lair:4   | Reached XP level 14. HP: 68/68 MP: 23/37
 20837 | Lair:4   | Found a staircase to the Shoals.
 21491 | Lair:5   | Received a gift from Sif Muna
 21504 | Lair:5   | Identified the +2 robe of Sin {Int+7}
 21529 | Lair:5   | Reached skill level 18 in Spellcasting
 21616 | Lair:5   | Gained mutation: Your flesh is cold resistant. (rC+)
                  | [evolution]
 22538 | Lair:6   | Entered Level 6 of the Lair of Beasts
 22585 | Lair:6   | Gained mutation: Armour fits poorly on your strangely
                  | shaped body. [mutagenic glow]
 22794 | Lair:6   | Found a runed translucent door.
 23120 | Lair:6   | Reached skill level 10 in Invocations
 23257 | Lair:6   | Identified Lyph's Incunabulum of Ensnaring Transformation
                  | (Sif Muna gifted it to you on level 6 of the Lair of
                  | Beasts)
 23257 | Lair:6   | Received a gift from Sif Muna
 23266 | Lair:6   | Found a staircase to the Slime Pits.
 23433 | Lair:6   | Found a shimmering blue altar of Sif Muna.
 23507 | Lair:6   | Reached XP level 15. HP: 72/72 MP: 39/39
 23770 | Lair:6   | Reached skill level 19 in Spellcasting
 23853 | Lair:6   | Reached skill level 1 in Air Magic
 24414 | Lair:6   | Reached skill level 15 in Conjurations
 24414 | Lair:6   | Reached skill level 1 in Summonings
 24536 | Lair:3   | Lost mutation: You are partially covered in iridescent
                  | scales. (AC +2) [evolution]
 25094 | D:12     | Noticed Jorgrun
 25098 | D:12     | Killed Jorgrun
 25372 | D:13     | Found a sacrificial altar of Ru.
 26034 | D:14     | Reached skill level 15 in Fire Magic
 26395 | D:11     | Identified the amulet of the Death Scarab {Regen+ Dex+3
                  | Slay+2}
 26533 | D:11     | Identified Sif Muna's Incunabulum of Dusty Fire (Sif Muna
                  | gifted it to you on level 11 of the Dungeon)
 26533 | D:11     | Received a gift from Sif Muna
 26822 | D:11     | Found a staircase to the Orcish Mines.
 27098 | Orc:1    | Entered Level 1 of the Orcish Mines
 27101 | Orc:1    | Noticed Maurice
 27107 | Orc:1    | Killed Maurice
 27512 | Orc:2    | Entered Level 2 of the Orcish Mines
 27516 | Orc:2    | Found a staircase to the Elven Halls.
 27537 | Orc:2    | Noticed Nessos
 27540 | Orc:2    | Killed Nessos
 27770 | Orc:2    | Noticed Saint Roka
 27779 | Orc:2    | Killed Saint Roka
 27780 | Orc:2    | Reached skill level 20 in Spellcasting
 27780 | Orc:2    | Reached XP level 16. HP: 61/77 MP: 3/42
 28231 | Orc:2    | Found Jenai's Magic Scroll Emporium.
 28234 | Orc:2    | Found Deilub's Magic Scroll Shoppe.
 28292 | Orc:2    | Bought a scroll of fear for 38 gold pieces
 28292 | Orc:2    | Bought a scroll of identify for 22 gold pieces
 28292 | Orc:2    | Bought a scroll of identify for 22 gold pieces
 28292 | Orc:2    | Bought a scroll of fear for 38 gold pieces
 28292 | Orc:2    | Bought a scroll of identify for 22 gold pieces
 28292 | Orc:2    | Bought a scroll of teleportation for 33 gold pieces
 28292 | Orc:2    | Bought 2 scrolls of identify for 44 gold pieces
 28292 | Orc:2    | Bought a scroll of fear for 38 gold pieces
 28292 | Orc:2    | Bought a scroll of amnesia for 38 gold pieces
 28295 | Orc:2    | Bought a scroll of blinking for 112 gold pieces
 28295 | Orc:2    | Bought a scroll of identify for 30 gold pieces
 28295 | Orc:2    | Bought a scroll of identify for 30 gold pieces
 28295 | Orc:2    | Bought a scroll of identify for 30 gold pieces
 28295 | Orc:2    | Bought a scroll of blinking for 112 gold pieces
 28295 | Orc:2    | Bought a scroll of blinking for 112 gold pieces
 28295 | Orc:2    | Bought a scroll of blinking for 112 gold pieces
 28295 | Orc:2    | Bought a scroll of identify for 30 gold pieces
 28295 | Orc:2    | Bought a scroll of identify for 30 gold pieces
 28295 | Orc:2    | Bought a scroll of identify for 30 gold pieces
 28357 | Orc:2    | Identified Cuetroamm's Papyrus of the Supportive Glacier
                  | (Sif Muna gifted it to you on level 2 of the Orcish Mines)
 28357 | Orc:2    | Received a gift from Sif Muna
 28783 | Orc:2    | Found Tegh's Antique Weapon Shop.
 28783 | Orc:2    | Found Qeicier's Book Boutique.
 28784 | Orc:2    | Found a one-way gate leading to the halls of Pandemonium.
 29580 | Spider:1 | Entered Level 1 of the Spider Nest
 29714 | Spider:1 | Noticed Louise
 29715 | Spider:1 | Noticed Frances
 29721 | Spider:1 | Killed Frances
 29726 | Spider:1 | Killed Louise
 30154 | Spider:1 | Identified Sif Muna's Papyrus of Battle Magic and Stones
                  | (Sif Muna gifted it to you on level 1 of the Spider Nest)
 30154 | Spider:1 | Received a gift from Sif Muna
 30358 | Spider:1 | Identified the +6 flail of the Land of Plenty {vorpal,
                  | Will+ Str+6}
 30720 | Spider:2 | Reached skill level 1 in Fighting
 31070 | Spider:2 | Acquired the ring of Axun {rF+ rCorr Str+2}
 31574 | Spider:2 | Learned a level 9 spell: Fire Storm
 31740 | Spider:3 | Reached skill level 21 in Spellcasting
 32343 | Spider:3 | Reached XP level 17. HP: 83/83 MP: 30/44
 32344 | Spider:3 | Identified Sif Muna's Papyrus of Battle Magic (Sif Muna
                  | gifted it to you on level 3 of the Spider Nest)
 32344 | Spider:3 | Received a gift from Sif Muna
 32408 | Spider:3 | Learned a level 6 spell: Iron Shot
 32483 | Spider:3 | Gained mutation: Your spells are a little harder to cast,
                  | but a little more powerful. [evolution]
 32483 | Spider:3 | Lost mutation: You evolve. [end of evolution]
 32833 | Spider:4 | Entered Level 4 of the Spider Nest
 32888 | Spider:3 | Gained mutation: You are frail. (-10% HP) [mutagenic glow]
 33008 | Spider:4 | Found a transporter.
 33122 | Spider:4 | Noticed HilariousDeathArtist's ghost (adept DrDe)
 33976 | Spider:4 | HP: 1/74 [something (7)]
 34468 | Spider:4 | Found a transporter.
 34922 | Spider:4 | Got a gossamer rune of Zot
 35183 | Shoals:1 | Entered Level 1 of the Shoals
 35306 | Shoals:1 | Reached skill level 5 in Dodging
 36191 | Shoals:2 | Reached skill level 22 in Spellcasting
 38074 | Shoals:3 | Noticed Polyphemus
 38086 | Shoals:3 | Reached XP level 18. HP: 65/79 MP: 27/46
 38088 | Shoals:3 | Killed Polyphemus
 38782 | Shoals:4 | Entered Level 4 of the Shoals
 38826 | Shoals:4 | Identified Sif Muna's Almanac of the Rocks and Conjuration
                  | (Sif Muna gifted it to you on level 4 of the Shoals)
 38826 | Shoals:4 | Received a gift from Sif Muna
 39018 | Shoals:4 | Got a barnacled rune of Zot
 40925 | D:14     | Reached skill level 5 in Stealth
 41110 | D:14     | Found a stormy altar of Qazlal.
 41115 | D:14     | Reached skill level 23 in Spellcasting
 41299 | D:14     | Found a gate to the Vaults.
 41641 | Vaults:1 | Entered Level 1 of the Vaults
 41803 | Vaults:1 | Identified Sif Muna's Catalogue of Attacks (Sif Muna gifted
                  | it to you on level 1 of the Vaults)
 41803 | Vaults:1 | Received a gift from Sif Muna
 41857 | Vaults:1 | Found a ruined gateway.
 41865 | Desolati | Entered the Desolation of Salt
 42157 | Desolati | Gained mutation: You occasionally shout uncontrollably at
                  | your foes. [mutagenic glow]
 42170 | Desolati | Gained mutation: You are very frail. (-20% HP) [mutagenic
                  | glow]
 42318 | Desolati | Identified the quicksilver dragon scales of the Great Game
                  | {Contam rC+ Will+ Str+4 Dex+2}
 42379 | Desolati | Reached XP level 19. HP: 50/73 MP: 12/48
 42718 | Desolati | Received a gift from Sif Muna
 43118 | Desolati | Found the +5 robe of Misfortune {Contam Harm *Corrode Drain
                  | *Slow EV+5}
 43274 | Desolati | Identified the +3 scale mail of Hedge Wizardry {Int+2
                  | Dex+4}
 43286 | Desolati | Identified the amulet "Toem" {Regen+ SInv}
 43342 | Desolati | Reached skill level 24 in Spellcasting
 43455 | Desolati | Identified the amulet "Yseiq" {Reflect rC- Dex+4 SH+5
                  | Stlth+}
 43457 | Desolati | Identified Sif Muna's Compendium of Floating Moulding
 43469 | Desolati | Identified the amulet "Okaulig" {Faith Harm rPois Will+
                  | Stlth-}
 45487 | Vaults:2 | Found a staircase to the Crypt.
 45918 | Vaults:2 | Identified Sif Muna's Papyrus of Gliding Confrontation (Sif
                  | Muna gifted it to you on level 2 of the Vaults)
 45918 | Vaults:2 | Received a gift from Sif Muna
 46397 | Vaults:2 | Reached skill level 1 in Polearms
 46594 | Vaults:2 | Reached skill level 1 in Armour
 46729 | Vaults:2 | Reached XP level 20. HP: 57/76 MP: 38/50
 48006 | Vaults:3 | Reached skill level 25 in Spellcasting
 48022 | Vaults:3 | Noticed Nikola
 48028 | Vaults:3 | Killed from afar by Nikola

Illustrated notes

Levels and vault maps discovered:
D:1:      saegor_arrival_simple_c, layout_loops_ring, serial_glass,
          glass_columns_c, glass_columns_a, glass_columns_a, glass_columns_c,
          glass_columns_c, glass_columns_b, glass_columns_c, glass_columns_a,
          basic_ecumenical_altar
D:2:      layout_loops_ring, uniq_jessica, uniq_robin
D:3:      layout_basic, lemuel_crystal_altar, nicolae_underground_beach
D:4:      layout_cave_pools, lemuel_tele_altar
D:5:      layout_layer_cave, gammafunk_temple_overflow_elements,
          gammafunk_ghost_mausoleum, st_stairs_1,
          hangedman_abyss_or_decor_lesser_grid, hangedman_decor_peaks_small
D:6:      layout_loops_corners, grunt_dithmenos_shadows,
          lightli_ossuary_entry_decrepit_ruins, uniq_sigmund, uniq_pikel
D:7:      layout_basic, grunt_temple_overflow_open, minmay_temple_entry_glass,
          serial_glass, glass_columns_b, glass_columns_c, due_unseen_surprise
D:8:      layout_basic, vehumet_statue, minmay_splitting_lines,
          hangedman_feature_mirror, nrook_loot_triangle, hex_tiny
D:9:      layout_loops_ring, lair_entry_dummy
D:10:     layout_layer_cave, kennysheep_mini, kennysheep_generic_room_16,
          uniq_snorg
D:11:     minmay_the_grid_triangle_9x9_rhombus_thin
          [minmay_the_grid_triangle_9x9_alien,
          minmay_the_grid_triangle_9x9_prize_schism,
          minmay_the_grid_triangle_9x9_zippers_vertical,
          minmay_the_grid_triangle_9x9_dagger], layout_stronghold, uniq_urug
D:12:     layout_roguey, uniq_jorgrun
D:13:     layout_gridville, nicolae_ru_sacrificial_ziggurat
D:14:     layout_basic, david_vaults_2, grunt_qazlal_clouds
Lair:1:   layout_regular_city, nicolae_lair_grove_arrangements,
          beast_lair_carwin_8, grunt_megastairs_5
Lair:2:   layout_gridlike, spider_nest_entry_webs,
          portal_ice_cave_entry_ice_beasts, serial_bayou_pond_a,
          grunt_megastairs_3, uniq_maggie
Lair:3:   layout_roguey, columned_hall_lemuel, infiniplex_staircase_pool
Lair:4:   layout_loops_ring, shoals_dummy_entry, gauntlet_entry_generic,
          serial_bayou_shore_a, uniq_sonja
Lair:5:   beast_lair_carwin_large_2, layout_small_grid, serial_bayou_ford_a,
          grunt_forest_small_clearings
Lair:6:   hangedman_lair_in_review, layout_misc_corridors, wormcave,
          minmay_slime_entry_pillars, lemuel_oklob_altar
Shoals:1: layout_shoals, centaur_isle
Shoals:2: layout_shoals, nicolae_shoals_arrival_archipelago
Shoals:3: layout_shoals, uniq_polyphemus
Shoals:4: shoals_end_grunt_garden, layout_shoals, nicolae_shoals_loop_pool
Spider:1: layout_spider_delve, spiders_nest_hornet_nest, uniq_frances,
          uniq_louise
Spider:2: layout_spider_delve, nicolae_orb_stairs
Spider:3: layout_spider_delve, nicolae_spider_cling_halls
Spider:4: grunt_spider_rune_circles, nzn_ghost_randoct, lemuel_hornet_nest
Orc:1:    layout_caves, uniq_maurice
Orc:2:    pf_orc_diabolical, layout_caves, mines5_lemuel, uniq_saint_roka,
          uniq_nessos
Vaults:1: vaults_mumra_hex, hangedman_vaults_restitches, vaults_room_fours,
          grunt_vaults_hallway_long, vaults_room_pools, hangedman_vaults_locks,
          hangedman_vaults_variations, nicolae_vaults_circle_grid_b, v_misc_3,
          vaults_room_guarded_vault, hangedman_vaults_stretched_pinwheel,
          layout_vaults_ring, portal_desolation_entry_ruin
Vaults:2: v_misc_30, v_misc_9, minmay_crypt_entry_simple_sparse,
          vaults_dpeg_doors, nicolae_vaults_little_squares_1,
          hangedman_vaults_stretched_pinwheel, nicolae_vaults_mini_display_case,
          nicolae_vaults_border_crossing, nicolae_vaults_angled_halls,
          nicolae_vaults_little_ls, layout_vaults_omnigrid
Vaults:3: nicolae_vaults_diagonal_hallway_8, v_misc_1, hangedman_vaults_unwind,
          hangedman_vaults_restitches, serial_ice_g, vaults_room_semicircle,
          grunt_vaults_hallway_long, hangedman_vaults_trim,
          dpeg_vaults_monster_box, layout_vaults_big_room, uniq_nikola

Skill      XL: |  1  2  3  4  5  6  7  8  9 10 11 12 13 14 15 16 17 18 19 20 |
---------------+-------------------------------------------------------------+-----
Fire Magic     | 4 5 6 7 9 10 11 12 13 14 15 16 17 18 19 | 19.5
Conjurations   | 2 3 4 5 6 7 9 11 12 13 14 15 16 17 18 19 | 19.3
Spellcasting   | 4 5 6 8 9 11 13 14 16 17 18 20 21 22 23 24 25 | 25.0
Invocations    | 1 3 4 5 6 8 9 10 11 12 13 14 | 14.0
Stealth        | 3 4 5 |  5.1
Dodging        | 3 4 5 |  5.3
Earth Magic    | 1 2 3 4 |  4.2
Transmutations | 1 2 3 |  3.8
Air Magic      | 1 2 |  2.2
Summonings     | 1 2 |  2.8
Fighting       | 1 |  1.3
Polearms       | 1 |  1.0
Armour         | 1 |  1.5
Shields        | |  0.3

Action                   |  1- 3 |  4- 6 |  7- 9 | 10-12 | 13-15 | 16-18 | 19-21 || total
-------------------------+-------+-------+-------+-------+-------+-------+-------++-------
Melee: Staff             |       |       |     9 |     1 |       |       |       ||    10
       Lance             |       |       |       |       |    40 |    13 |     8 ||    61
 Cast: Foxfire           |   102 |   173 |   254 |     5 |       |     4 |       ||   538
       Sticky Flame      |       |       |    26 |    28 |    43 |    17 |     2 ||   116
       Fireball          |       |       |     6 |   165 |   344 |   505 |    74 ||  1094
       Bolt of Magma     |       |       |       |     6 |    43 |    33 |     4 ||    86
       Irradiate         |       |       |       |     2 |    37 |    77 |    23 ||   139
       Conjure Flame     |       |       |       |     2 |       |       |       ||     2
       Summon Lightning  |       |       |       |       |    26 |    40 |    14 ||    80
       Ignition          |       |       |       |       |     3 |    21 |    35 ||    59
       Iron Shot         |       |       |       |       |       |     8 |    57 ||    65
Invok: Channel Magic     |       |       |       |     2 |    14 |    21 |    10 ||    47
Evoke: Wand              |       |       |       |       |     1 |       |       ||     1
  Use: Scroll            |       |     6 |     7 |    11 |     7 |     5 |     1 ||    37
       Potion            |       |       |     4 |       |     1 |     1 |     2 ||     8
 Stab: Distracted        |       |       |       |       |     1 |     1 |     1 ||     3
Armor: Robe              |       |     7 |    39 |    15 |    45 |    97 |     6 ||   209
       Quicksilver drago |       |       |       |       |       |       |     9 ||     9
Dodge: Dodged            |     3 |    17 |    83 |    28 |   191 |   141 |    33 ||   496
       Repelled          |       |       |       |       |       |     7 |     4 ||    11
Block: Other             |       |       |       |       |       |    17 |     9 ||    26
       Reflection        |       |       |       |       |       |    12 |     3 ||    15

Table legend: (Time is in decaauts)
 A = Elapsed time spent in this place.
 B = Non-inter-level travel time spent in this place.
 C = Inter-level travel time spent in this place.
 D = Time resting spent in this place.
 E = Time spent auto-exploring this place.
 F = Levels seen in this place.
 G = Mean time per level.
                   A        B        C        D        E       F      G
               +--------+--------+--------+--------+--------+-----+--------+
         Total |  48205 |  45741 |   2464 |   8187 |  32009 |  37 | 1302.8 |
       Dungeon |  18241 |  17176 |   1065 |   2549 |  12786 |  14 | 1302.9 |
          Lair |   8026 |   7500 |    526 |    592 |   5986 |   6 | 1337.7 |
        Shoals |   5483 |   5312 |    171 |   1288 |   3552 |   4 | 1370.8 |
   Spider Nest |   5536 |   5130 |    406 |   1705 |   2714 |   4 | 1384.0 |
  Orcish Mines |   2247 |   2121 |    126 |    368 |   1361 |   2 | 1123.5 |
        Vaults |   4500 |   4333 |    167 |    335 |   3540 |   3 | 1500.0 |
       Ossuary |    460 |    460 |      0 |      0 |    246 |   1 |  460.0 |
      Ice Cave |   1138 |   1138 |      0 |    296 |    716 |   1 | 1138.0 |
    Desolation |   1887 |   1887 |      0 |    722 |    899 |   1 | 1887.0 |
      Gauntlet |    685 |    685 |      0 |    332 |    208 |   1 |  685.0 |
               +--------+--------+--------+--------+--------+-----+--------+

Top non-repeatable levels by time:
Vaults:2: 2170 daAuts
     D:8: 2080 daAuts
  Lair:6: 1962 daAuts
    D:11: 1945 daAuts
     D:5: 1893 daAuts
     D:7: 1889 daAuts
Desolation: 1887 daAuts
Shoals:4: 1757 daAuts
     D:6: 1744 daAuts
   Orc:2: 1676 daAuts
Spider:4: 1639 daAuts
Vaults:1: 1630 daAuts
Spider:3: 1588 daAuts
  Lair:2: 1586 daAuts
Shoals:2: 1473 daAuts
